 Dungeon Sprint DCSS version 0.22-a0-608-g8a62e23 (webtiles) character file.

1115 TheOrbIsALie the Impaler (level 8, -23/76 HPs)
             Began as a Merfolk Berserker on July 9, 2018.
             Was a High Priest of Trog.
             Annihilated by Snorg (27 damage)
             ... in the Dungeon (Sprint III: "The Ten Rune Challenge").
             The game lasted 00:02:13 (848 turns).

TheOrbIsALie the Impaler (Merfolk Berserker)         Turns: 848, Time: 00:02:13

Health: -23/76     AC:  2    Str: 18    XL:     8   Next: 34%
Magic:  8/8        EV: 17    Int:  6    God:    Trog [*****.]
Gold:   17         SH:  4    Dex: 15    Spells: 7/7 levels left

rFire    . . .     SeeInvis .   a - +0 spear
rCold    . . .     Gourm    .   (no shield)
rNeg     . . .     Faith    .   s - +0 robe (curse)
rPois    .         Spirit   .   (no helmet)
rElec    .         Reflect  .   (no cloak)
rCorr    .         Harm     .   (no gloves)
MR       .....     NoTele   +   (no boots)
Stlth    +++.......             (no amulet)
HPRegen  0.22/turn              (no ring)
MPRegen  0.11/turn              (no ring)

@: berserk cooldown, slowed, very slow
A: change form in water, swift swim, stealthy swim, claws 1, large bone plates
1, blurry vision 1, MP-powered wands
a: Berserk, Trog's Hand, Brothers in Arms, Renounce Religion


You were in the Dungeon.
You worshipped Trog.
Trog was extremely pleased with you.
You were near starving.

You visited 1 branch You collected 17 gold pieces.

Inventory:

Hand Weapons
 a - a +0 spear (weapon)
 t - a +0 long sword of holy wrath
Armour
 b - a +0 animal skin
 s - a cursed +0 robe (worn)
Wands
 u - a wand of digging (7)
Scrolls
 i - a scroll of blinking
 k - 2 scrolls of torment {unknown}
 l - a scroll of remove curse {unknown}
 m - a scroll of enchant weapon {unknown}
 n - a scroll of fear {unknown}
 o - a scroll of amnesia {unknown}
Potions
 d - a potion of curing
 e - 4 potions of heal wounds
 f - a potion of haste
 g - 2 potions of magic
 h - 2 potions of berserk rage
 j - 3 potions of mutation
 p - a potion of flight {unknown}
 r - a potion of might
Comestibles
 c - 5 rations


   Skills:
 + Level 11.6 Fighting
 + Level 15.8 Polearms
 + Level 3.8 Armour
 + Level 7.9 Dodging
 + Level 5.7 Stealth


You had 7 spell levels left.
You didn't know any spells.
Your spell library was empty.

Dungeon Overview and Level Annotations

Branches:
Dungeon (1/1)

Altars:
Dithmenos
Elyvilon
Kikubaaqudgha
Okawaru
Ru
Sif Muna
Trog
Uskayaw
Vehumet
Wu Jian
Yredelemnul
Zin
The Shining One
Beogh

Annotations:
D Snorg


Innate Abilities, Weirdness & Mutations

You revert to your normal form in water.
You are very nimble and swift while swimming.
You are very stealthy in the water. (Stealth+)
You have sharp fingernails.
You are partially covered in large bone plates. (SH +4)
Scrolls take you a little longer to read.
You expend magic power (3 MP) to strengthen your wands.


Message History

Snorg claws your troll!! Snorg claws your troll!
Your troll dies!
Your troll's corpse disappears in a puff of smoke!
You fail to use your ability.
Snorg misses you. Snorg claws you!! Snorg claws you! Snorg bites you!
Snorg barely misses you. Snorg completely misses you.
Unknown command.
Snorg bites you! Snorg closely misses you. Snorg barely misses you.
Snorg closely misses you. Snorg claws you!
* * * LOW HITPOINT WARNING * * *
Snorg claws you.
* * * LOW HITPOINT WARNING * * *
You hit Snorg.
Snorg is heavily wounded.
You block Snorg's attack. Snorg closely misses you. Snorg claws you.
* * * LOW HITPOINT WARNING * * *
You hit Snorg but do no damage.
Snorg is heavily wounded.
Snorg bites you!!
You die...

..#..#..#...#__.#÷_#
..#..#..###'#)###'##
..##'#..#..........#
..###...'.⌠........#
.####...#...######'#
.###....#.⌠.# #...#
## .##.....#...#
#...# .§
.#.†....#'###
#...#§#
#.#.....#.):#
#@T.§§#
####....#___#
+...#.# ▓▓▓▓▓▓▓▓▓▓
▓▓▓▓▓▓▓


You could see Snorg (berserk).

Vanquished Creatures
  A deep elf mage (D)
  A shadow (D)
  A necrophage (D)
  A water elemental (D)
  A scorpion (D)
  A jelly (D)
  A wizard (D)
  A necromancer (D)
  3 humans (D)
  A kobold demonologist (D)
  2 oozes (D)
  2 rats (D)
16 creatures vanquished.

Vanquished Creatures (others)
  2 draconian scorchers (D)
  6 hellions (D)
  A yaktaur (D)
9 creatures vanquished.

Grand Total: 25 creatures vanquished

Notes
Turn   | Place    | Note
-------+----------+-------------------------------------------
     0 | D        | TheOrbIsALie the Merfolk Berserker began the quest for the Orb.
     0 | D        | Reached XP level 1. HP: 18/18 MP: 1/1
    14 | D        | Reached skill level 5 in Polearms
    17 | D        | Reached XP level 2. HP: 15/25 MP: 2/2
    48 | D        | Killed a yaktaur
   117 | D        | Killed a hellion
   119 | D        | Killed a hellion
   130 | D        | Killed a hellion
   151 | D        | Reached ** piety under Trog
   151 | D        | Reached skill level 6 in Polearms
   153 | D        | Killed a hellion
   154 | D        | Killed a hellion
   160 | D        | Killed a white draconian scorcher
   189 | D        | Killed a white draconian scorcher
   202 | D        | Noticed a scorpion
   205 | D        | Killed a scorpion
   205 | D        | Reached skill level 5 in Fighting
   205 | D        | Reached skill level 8 in Polearms
   205 | D        | Reached skill level 1 in Stealth
   205 | D        | Reached XP level 3. HP: 34/34 MP: 3/3
   205 | D        | Reached XP level 4. HP: 40/40 MP: 4/4
   221 | D        | Killed a hellion
   228 | D        | Gained mutation: You are agile. (Dex +2) [potion of mutation]
   228 | D        | Gained mutation: You have sharp fingernails. [potion of mutation]
   228 | D        | Gained mutation: You are frail. (-10% HP) [potion of mutation]
   228 | D        | Gained mutation: You are partially covered in large bone plates. (SH +4) [potion of mutation]
   229 | D        | Lost mutation: You are agile. (Dex +2) [potion of mutation]
   229 | D        | Lost mutation: You are frail. (-10% HP) [potion of mutation]
   229 | D        | Gained mutation: Your flesh is heat resistant. (rF+) [potion of mutation]
   229 | D        | Gained mutation: Scrolls take you a little longer to read. [potion of mutation]
   229 | D        | Lost mutation: Your flesh is heat resistant. (rF+) [potion of mutation]
   229 | D        | Gained mutation: You expend magic power (3 MP) to strengthen your wands. [potion of mutation]
   252 | D        | Noticed a water elemental
   260 | D        | Killed a water elemental
   260 | D        | Reached *** piety under Trog
   260 | D        | Reached skill level 10 in Polearms
   260 | D        | Reached XP level 5. HP: 48/48 MP: 5/5
   307 | D        | Found a radiant altar of Vehumet.
   308 | D        | Found a deep blue altar of Sif Muna.
   308 | D        | Found an ancient bone altar of Kikubaaqudgha.
   310 | D        | Reached skill level 5 in Dodging
   313 | D        | Reached **** piety under Trog
   345 | D        | Found a hide-covered altar of Uskayaw.
   345 | D        | Found a roughly hewn altar of Beogh.
   345 | D        | Found an iron altar of Okawaru.
   345 | D        | Found a bloodstained altar of Trog.
   345 | D        | Found an ornate altar of the Wu Jian Council.
   345 | D        | Noticed a human
   345 | D        | Noticed a human
   356 | D        | Killed a human
   356 | D        | Reached skill level 12 in Polearms
   356 | D        | Reached XP level 6. HP: 57/57 MP: 6/6
   362 | D        | Killed a human
   362 | D        | Reached skill level 13 in Polearms
   362 | D        | Reached XP level 7. HP: 65/65 MP: 7/7
   420 | D        | Found a glowing silver altar of Zin.
   420 | D        | Found a glowing golden altar of the Shining One.
   420 | D        | Found a white marble altar of Elyvilon.
   420 | D        | Noticed a deep elf mage
   437 | D        | Noticed a neqoxec
   437 | D        | Killed a deep elf mage
   437 | D        | Reached skill level 15 in Polearms
   437 | D        | Reached skill level 5 in Stealth
   517 | D        | Found a basalt altar of Yredelemnul.
   517 | D        | Found a shadowy altar of Dithmenos.
   517 | D        | Found a sacrificial altar of Ru.
   521 | D        | Reached ***** piety under Trog
   521 | D        | Reached XP level 8. HP: 62/75 MP: 8/8
   829 | D        | Noticed a shadow
   834 | D        | Killed a shadow
   840 | D        | Noticed Snorg
   848 | D        | Annihilated by Snorg

Vault maps used:
D:        dungeon_sprint_mu

Skill      XL: |  1  2  3  4  5  6  7 |
---------------+----------------------+-----
Fighting       | 4 5 7 8 9 11 | 11.6
Polearms       | 5 8 10 12 13 15 | 15.8
Dodging        | 3 4 5 6 7 |  7.9
Armour         | 2 3 |  3.8
Stealth        | 1 2 3 4 5 |  5.7

Action                   |  1- 3 |  4- 6 |  7- 9 || total
-------------------------+-------+-------+-------++-------
Melee: Spear             |    16 |    33 |    31 ||    80
       Long sword        |       |       |    12 ||    12
Invok: Berserk           |     1 |     3 |     1 ||     5
       Brothers in Arms  |       |       |     1 ||     1
  Use: Potion            |       |     2 |       ||     2
 Stab: Sleeping          |     2 |       |     1 ||     3
  Eat: Chunk             |       |     1 |     2 ||     3
Armor: Animal skin       |     1 |       |       ||     1
Dodge: Dodged            |     4 |     4 |    17 ||    25
Block: Other             |       |     1 |     6 ||     7
       Rpst.: Long sword |       |       |     3 ||     3

Table legend:
 A = Spawn XP
 B = Non-spawn XP
 C = Spawn XP percentage of total XP
 D = Spawn monster count
 E = Non-spawn monster count
 F = Spawn count percentage of total count
 G = Total turns spent on level
                    A         B        C        D         E        F      G
               +---------+---------+-------+---------+---------+-------+---------
         Total |       0 |    1594 |   0.0 |       0 |      16 |   0.0 |   848
               +---------+---------+-------+---------+---------+-------+---------
             D |       0 |    1594 |   0.0 |       0 |      16 |   0.0 |   848
               +---------+---------+-------+---------+---------+-------+---------
